 Dungeon Crawl Stone Soup version 0.32-a0-928-g1cae6b7ea0 (webtiles) character file.

Game seed: 9260121348597474000

98 dynoo the Covert (level 5, 0/33 HPs)
             Began as a Kobold Delver on Apr 12, 2024.
             Slain by an ufetubus (1 damage)
             ... on level 5 of the Dungeon.
             The game lasted 00:01:54 (578 turns).

dynoo the Covert (Kobold Delver)                     Turns: 578, Time: 00:01:55

Health: 0/33       AC:  3    Str:  9    XL:     5   Next: 0%
Magic:  5/5        EV: 13    Int: 12    God:
Gold:   16         SH:  0    Dex: 18    Spells: 4/4 levels left

rFire   . . .        a - +0 short sword
rCold   . . .        (no shield)
rNeg    . . .        b - +0 leather armour
rPois   .            (no helmet)
rElec   .            (no cloak)
rCorr   .            (no gloves)
SInv    .            (no boots)
Will    .....        (no amulet)
Stlth   +++++        (no ring)
HPRegen 0.25/turn    (no ring)
MPRegen 0.09/turn

%: no passive effects
@: marked
A: small, no large weapons, nightstalker 3
a: no special abilities


You were on level 5 of the Dungeon.
You visited 1 branch of the dungeon, and saw 1 of its levels.

You collected 16 gold pieces.

Inventory:

Hand Weapons
 a - a +0 short sword (weapon)
Armour
 b - a +0 leather armour (worn)
Wands
 g - a wand of digging (3)
Scrolls
 c - a scroll of fog
 d - a scroll of revelation
 e - a scroll of fear
Potions
 f - a potion of haste
 h - a potion of invisibility {unknown}
 i - a potion of attraction {unknown}
 j - a potion of brilliance {unknown}


   Skills:
 + Level 3.8 Fighting
 + Level 3.1 Short Blades
 + Level 0.5 Armour
 + Level 2.6 Dodging
 + Level 8.3 Stealth


You had 4 spell levels left.
You didn't know any spells.
Your spell library was empty.

Dungeon Overview and Level Annotations

Branches:
Dungeon (5/15)
 Temple: D:4-7

Altars:


Innate Abilities, Weirdness & Mutations

You are small and have problems with some larger weapons.
You are completely attuned to the shadows.


Message History

The gnoll hits you from afar with a +0 spear.
The gnoll hits you from afar with a +0 spear.
The gnoll attacks as it pursues you! The gnoll closely misses you.
The gnoll attacks as it pursues you! The gnoll closely misses you.
The gnoll attacks as it pursues you! The gnoll closely misses you.
The gnoll attacks as it pursues you! The gnoll misses you.
The gnoll attacks as it pursues you!
The gnoll hits you from afar with a +0 spear.
The gnoll attacks as it pursues you!
The gnoll hits you from afar with a +0 spear.
The gnoll attacks as it pursues you!
The gnoll hits you from afar with a +0 spear.
The gnoll attacks as it pursues you!
The gnoll hits you from afar with a +0 spear.
The gnoll hits you from afar with a +0 spear.
* * * LOW HITPOINT WARNING * * *
The gnoll misses you. The gnoll attacks as it pursues you!
The gnoll hits you from afar with a +0 spear.
* * * LOW HITPOINT WARNING * * *
You set off the alarm!
The alarm trap emits a blaring wail!
A sentinel's mark forms upon you.
You hear a shout!
You hear a bark!
You hear a shout! x5
You hear a loud squeak. x6; You hear an angry hiss.
You hear a loud squeak.
The gnoll attacks as it pursues you! The gnoll barely misses you.
An ufetubus comes into view.
Found a stone staircase leading up.
An ufetubus comes into view.
Found an escape hatch in the ceiling.
Found 12 gold pieces.
The ufetubus hits you.
* * * LOW HITPOINT WARNING * * *
The ufetubus closely misses you. The ufetubus misses you.
The ufetubus closely misses you.
A hound comes into view.
The gnoll closely misses you. The ufetubus attacks as it pursues you!
The ufetubus hits you.
* * * LOW HITPOINT WARNING * * *
The ufetubus hits you.
You die...

#####.##.#####.####.##.#.##.#.#..
#####.##.........##.##.#.........
......##.........##.##.#.##.#.#.#
########.........##.#............
# #.#####.####.###.......### #
#g# #.....[..... # ####g###
##.......##. # .<.....##.#
#####.#.# # ....55@h... ...... #
.......##.# #.# .. # ....####
..<. .$..


You could see a hound, 2 gnolls and 2 ufetubi.

Vanquished Creatures
  3 hounds (D:5)
  A shadow imp (D:5)
4 creatures vanquished.

Notes
Turn   | Place    | Note
-------+----------+-------------------------------------------
     0 | D:5      | dynoo the Kobold Delver began the quest for the Orb.
     0 | D:5      | Reached XP level 1. HP: 14/14 MP: 1/1
    16 | D:5      | Noticed a hound
    22 | D:5      | Noticed a hound
    42 | D:5      | Killed a hound
    43 | D:5      | Reached skill level 7 in Stealth
    43 | D:5      | Reached XP level 2. HP: 12/19 MP: 2/2
    43 | D:5      | Reached XP level 3. HP: 15/23 MP: 3/3
   241 | D:5      | Reached skill level 8 in Stealth
   241 | D:5      | Reached XP level 4. HP: 11/29 MP: 4/4
   518 | D:5      | Reached XP level 5. HP: 33/33 MP: 5/5
   578 | D:5      | HP: 1/33 [ufetubus (2)]
   578 | D:5      | Slain by an ufetubus

Illustrated notes

Levels and vault maps discovered:
D:5:      layout_basic, mainiacjoe_overflow_six_doors_small,
          corexii_hall_statues_x, dk_rats_in_the_wall

Skill      XL: |  1  2  3 |
---------------+----------+-----
Stealth        | 7 8 |  8.3
Short Blades   | 3 |  3.1
Fighting       | |  3.8
Armour         | |  0.5
Dodging        | |  2.6

Action                     |  1- 3 |  4- 6 || total
---------------------------+-------+-------++-------
  Melee: Short sword       |    28 |    21 ||    49
 Armour: Leather armour    |    15 |    21 ||    36
  Dodge: Dodged            |    22 |    29 ||    51

Table legend: (Time is in decaauts)
 A = Elapsed time spent in this place.
 B = Non-inter-level travel time spent in this place.
 C = Inter-level travel time spent in this place.
 D = Time resting spent in this place.
 E = Time spent auto-exploring this place.
 F = Levels seen in this place.
 G = Mean time per level.
                   A        B        C        D        E       F      G
               +--------+--------+--------+--------+--------+-----+--------+
         Total |    571 |    571 |      0 |    291 |    123 |   1 |  571.0 |
       Dungeon |    571 |    571 |      0 |    291 |    123 |   1 |  571.0 |
               +--------+--------+--------+--------+--------+-----+--------+

Top non-repeatable levels by time:
     D:5: 571 daAuts
